BSA
PLYMOUTH ROCKS @ EL DORADO OILERS
08/13/2027
 
TOP OF THE 1ST
Plymouth Rocks batting - Pitching for Birmingham Steeldogs : RHP Barton Johnson
Pitching: RHP Barton Johnson
Batting: LHB Roberto García 0-0: SINGLE (Groundball, 34D)
Batting: LHB Roy Patrick 0-0: Called Strike
0-1: Ball
1-1: Fly out, F8 (Flyball, 8LXD)
Batting: RHB Andrés Lara 0-0: Ball
1-0: Ball
2-0: Ball
3-0: Base on Balls
Roberto García to second
Batting: LHB Barrett Waters 0-0: Ball
1-0: Called Strike
1-1: Foul Ball, location: 2F
1-2: Strikes out swinging
Batting: LHB Roger Moore 0-0: Fielders Choice at 2nd, 4-6 (Groundball, 4)
Top of the 1st over - 0 run(s), 1 hit(s), 0 error(s), 1 left on base; Plymouth 0 - Birmingham 0
BOTTOM OF THE 1ST
Birmingham Steeldogs batting - Pitching for Plymouth Rocks : LHP Dave Smeddon
Pitching: LHP Dave Smeddon
Batting: RHB Nick Webb 0-0: Called Strike
0-1: Ball
1-1: Swinging Strike
1-2: Foul Ball, location: 2F
1-2: Strikes out looking
Batting: LHB Ashley Pickhills 0-0: Fly out, F3 (Line Drive, 3S)
Batting: RHB Valentín Borges 0-0: Ball
1-0: Ball
2-0: Ball
3-0: Called Strike
3-1: Ground out 4-3 (Groundball, 4)
Bottom of the 1st over - 0 run(s), 0 hit(s), 0 error(s), 0 left on base; Plymouth 0 - Birmingham 0
TOP OF THE 2ND
Plymouth Rocks batting - Pitching for Birmingham Steeldogs : RHP Barton Johnson
Batting: RHB Luis Sánchez 0-0: Ball
1-0: Foul Ball, location: 2F
1-1: Fly out, F7 (Line Drive, 7S)
Batting: RHB Taylor McFarland 0-0: Ball
1-0: Ground out 6-3 (Groundball, 6)
Batting: SHB Víctor Serrano 0-0: Ball
1-0: Called Strike
1-1: Foul Ball, location: 2F
1-2: Strikes out looking
Top of the 2nd over - 0 run(s), 0 hit(s), 0 error(s), 0 left on base; Plymouth 0 - Birmingham 0
BOTTOM OF THE 2ND
Birmingham Steeldogs batting - Pitching for Plymouth Rocks : LHP Dave Smeddon
Batting: LHB José Hernández 0-0: Called Strike
0-1: Ball
1-1: Fly out, F9 (Flyball, 89S)
Batting: RHB Sixto Vélez 0-0: Foul Ball, location: 2F
0-1: SINGLE (Groundball, 56D)
Batting: LHB José Martínez 0-0: Called Strike
0-1: Grounds into double play, 4-6-3 (Groundball, 4)
Bottom of the 2nd over - 0 run(s), 1 hit(s), 0 error(s), 0 left on base; Plymouth 0 - Birmingham 0
TOP OF THE 3RD
Plymouth Rocks batting - Pitching for Birmingham Steeldogs : RHP Barton Johnson
Batting: RHB António Gonzáles 0-0: Ball
1-0: Foul Ball, location: 2F
1-1: Ground out 5-3 (Groundball, 5)
Batting: LHB Roberto García 0-0: Ball
1-0: Called Strike
1-1: SINGLE (Groundball, 4MD)
Batting: LHB Roy Patrick 0-0: Ball
1-0: SINGLE (Groundball, 34D)
Roberto García to second
Runner from 2nd tries for 3rd, OUT!
Roy Patrick to second
Batting: RHB Andrés Lara 0-0: Called Strike
0-1: Ball
1-1: Swinging Strike
1-2: Foul Ball, location: 2F
1-2: Ball
2-2: Foul Ball, location: 2F
2-2: Foul Ball, location: 2F
2-2: SINGLE (Line Drive, 8LS)
Roy Patrick to third
Runner from 3rd tries for Home, SAFE, no throw
Batting: LHB Barrett Waters 0-0: Ball
1-0: Called Strike
1-1: Ball
2-1: Called Strike
2-2: Ground out 6-3 (Groundball, 6M)
Top of the 3rd over - 1 run(s), 3 hit(s), 0 error(s), 1 left on base; Plymouth 1 - Birmingham 0
BOTTOM OF THE 3RD
Birmingham Steeldogs batting - Pitching for Plymouth Rocks : LHP Dave Smeddon
Batting: RHB Yujiro Kurihara 0-0: Ball
1-0: Called Strike
1-1: Ball
2-1: Called Strike
2-2: Ball
3-2: Strikes out looking
Batting: RHB Carlos García 0-0: Ball
1-0: Called Strike
1-1: Foul Ball, location: 2F
1-2: SINGLE (Groundball, 34) (infield hit)
Batting: RHB José Carlos Caraballo 0-0: Ball
1-0: SINGLE (Groundball, 4MD)
Carlos García to second
Batting: RHB Nick Webb 0-0: Foul Ball, location: 2F
0-1: Ball
1-1: Foul Ball, location: 2F
1-2: Foul Ball, location: 2F
1-2: Ball
2-2: Reached on error, E1 (Groundball, 13S)
Carlos García to third
José Carlos Caraballo to second
Batting: LHB Ashley Pickhills 0-0: Ball
1-0: Ball
2-0: Fly out, F5 (Line Drive, 56)
Lined into DP, U5 (Line Drive, 56)
Bottom of the 3rd over - 0 run(s), 2 hit(s), 1 error(s), 2 left on base; Plymouth 1 - Birmingham 0
TOP OF THE 4TH
Plymouth Rocks batting - Pitching for Birmingham Steeldogs : RHP Barton Johnson
Batting: LHB Roger Moore 0-0: Ball
1-0: Ball
2-0: Called Strike
2-1: Fly out, F8 (Line Drive, 8LM)
Batting: RHB Luis Sánchez 0-0: Ball
1-0: Called Strike
1-1: SINGLE (Line Drive, 89S)
Batting: RHB Taylor McFarland 0-0: Called Strike
0-1: Ball
1-1: Swinging Strike
1-2: Strikes out swinging
Batting: SHB Víctor Serrano 0-0: Ball
1-0: Ball
2-0: Ball
3-0: Called Strike
3-1: Foul Ball, location: 2F
3-2: Base on Balls
Luis Sánchez to second
Batting: RHB António Gonzáles 0-0: Called Strike
0-1: Ground out 6-3 (Groundball, 56D)
Top of the 4th over - 0 run(s), 1 hit(s), 0 error(s), 2 left on base; Plymouth 1 - Birmingham 0
BOTTOM OF THE 4TH
Birmingham Steeldogs batting - Pitching for Plymouth Rocks : LHP Dave Smeddon
Batting: RHB Valentín Borges 0-0: Fly out, F8 (Flyball, 8RS)
Batting: LHB José Hernández 0-0: Foul Ball, location: 2F
0-1: Swinging Strike
0-2: Ball
1-2: Fly out, F9 (Flyball, 89S)
Batting: RHB Sixto Vélez 0-0: Called Strike
0-1: Called Strike
0-2: Ball
1-2: Ball
2-2: Strikes out swinging
Bottom of the 4th over - 0 run(s), 0 hit(s), 0 error(s), 0 left on base; Plymouth 1 - Birmingham 0
TOP OF THE 5TH
Plymouth Rocks batting - Pitching for Birmingham Steeldogs : RHP Barton Johnson
Batting: LHB Roberto García 0-0: Called Strike
0-1: Ball
1-1: Ball
2-1: Foul Ball, location: 2F
2-2: Ball
3-2: Base on Balls
Batting: LHB Roy Patrick 0-0: Ball
1-0: Foul Ball, location: 2F
1-1: Called Strike
1-2: Ball
2-2: Ground out 4-3 (Groundball, 34)
Roberto García to second
Batting: RHB Andrés Lara 0-0: Called Strike
0-1: Ground out 6-3 (Groundball, 6M)
Roberto García to third
Batting: LHB Barrett Waters 0-0: SINGLE (Groundball, 56D)
Roberto García scores
Batting: LHB Roger Moore 0-0: Called Strike
0-1: Ball
1-1: SINGLE (Line Drive, 89S)
Barrett Waters to second
Batting: RHB Luis Sánchez 0-0: Swinging Strike
0-1: Ball
1-1: Foul Ball, location: 2F
1-2: Ball
2-2: Fielders Choice at 2nd, 6-4 (Groundball, 6)
Top of the 5th over - 1 run(s), 2 hit(s), 0 error(s), 1 left on base; Plymouth 2 - Birmingham 0
BOTTOM OF THE 5TH
Birmingham Steeldogs batting - Pitching for Plymouth Rocks : LHP Dave Smeddon
Batting: LHB José Martínez 0-0: Called Strike
0-1: Swinging Strike
0-2: Ball
1-2: SINGLE (Flyball, 8LS)
Batting: RHB Yujiro Kurihara 0-0: Ball
1-0: Grounds into double play, 5-4-3 (Groundball, 56)
Batting: RHB Carlos García 0-0: Called Strike
0-1: Foul Ball, location: 2F
0-2: Ball
1-2: Ball
2-2: Foul Ball, location: 2F
2-2: Ball
3-2: Foul Ball, location: 2F
3-2: Ground out 5-3 (Groundball, 56S)
Bottom of the 5th over - 0 run(s), 1 hit(s), 0 error(s), 0 left on base; Plymouth 2 - Birmingham 0
TOP OF THE 6TH
Plymouth Rocks batting - Pitching for Birmingham Steeldogs : RHP Barton Johnson
Batting: RHB Taylor McFarland 0-0: Foul Ball, location: 2F
0-1: Fly out, F9 (Flyball, 9LM)
Batting: SHB Víctor Serrano 0-0: Called Strike
0-1: Foul Ball, location: 2F
0-2: Ball
1-2: Ball
2-2: Foul Ball, location: 2F
2-2: Foul Ball, location: 2F
2-2: Ball
3-2: Reached on error, E3 (Groundball, 34)
Batting: RHB António Gonzáles 0-0: Ball
1-0: Called Strike
1-1: Foul Ball, location: 2F
1-2: Strikes out swinging
Batting: LHB Roberto García 0-0: Ball
1-0: Swinging Strike
1-1: Called Strike
1-2: Ball
Passed Ball!
Víctor Serrano to second
2-2: Foul Ball, location: 2F
2-2: Strikes out swinging
Top of the 6th over - 0 run(s), 0 hit(s), 1 error(s), 1 left on base; Plymouth 2 - Birmingham 0
BOTTOM OF THE 6TH
Birmingham Steeldogs batting - Pitching for Plymouth Rocks : LHP Dave Smeddon
Batting: RHB José Carlos Caraballo 0-0: Ground out 3-1 (Groundball, 34)
Batting: RHB Nick Webb 0-0: Called Strike
0-1: Ball
1-1: Ball
2-1: Ball
3-1: Swinging Strike
3-2: Base on Balls
Batting: LHB Ashley Pickhills 0-0: Called Strike
0-1: Called Strike
Nick Webb is caught stealing 2nd base
0-2: Fly out, F7 (Line Drive, 7LD)
Bottom of the 6th over - 0 run(s), 0 hit(s), 0 error(s), 0 left on base; Plymouth 2 - Birmingham 0
TOP OF THE 7TH
Plymouth Rocks batting - Pitching for Birmingham Steeldogs : RHP Barton Johnson
Pitching: RHP Craig Draper
Batting: LHB Roy Patrick 0-0: Called Strike
0-1: SINGLE (Groundball, 4D)
Batting: RHB Andrés Lara 0-0: Ball
1-0: Swinging Strike
1-1: Fly out, F9 (Flyball, 9S)
Batting: LHB Barrett Waters 0-0: SINGLE (Line Drive, 4MD)
Roy Patrick to second
Runner from 2nd tries for 3rd, SAFE, throw made to third
Barrett Waters to second
Batting: LHB Roger Moore 0-0: Intentional Walk
Batting: RHB Luis Sánchez 0-0: Called Strike
0-1: Swinging Strike
0-2: Ball
1-2: Ball
2-2: Strikes out swinging
Batting: RHB Taylor McFarland 0-0: Ball
1-0: Foul Ball, location: 2F
1-1: Ball
2-1: Ball
3-1: Foul Ball, location: 2F
3-2: Ground out 6-3 (Groundball, 6)
Top of the 7th over - 0 run(s), 2 hit(s), 0 error(s), 3 left on base; Plymouth 2 - Birmingham 0
BOTTOM OF THE 7TH
Birmingham Steeldogs batting - Pitching for Plymouth Rocks : LHP Dave Smeddon
Batting: RHB Valentín Borges 0-0: Ball
1-0: Ball
2-0: Ground out U3 (Groundball, 34)
Batting: LHB José Hernández 0-0: Ball
1-0: Ball
2-0: Foul Ball, location: 2F
2-1: Ground out U3 (Groundball, 34)
Batting: RHB Sixto Vélez 0-0: Fly out, F7 (Line Drive, 7)
Bottom of the 7th over - 0 run(s), 0 hit(s), 0 error(s), 0 left on base; Plymouth 2 - Birmingham 0
TOP OF THE 8TH
Plymouth Rocks batting - Pitching for Birmingham Steeldogs : RHP Craig Draper
Batting: SHB Víctor Serrano 0-0: Ball
1-0: Ball
2-0: Ball
3-0: Base on Balls
Batting: RHB António Gonzáles 0-0: Ball
1-0: Ball
2-0: Sac Bunt - play at first, batter OUT! 1-3
Víctor Serrano to second
Batting: LHB Roberto García 0-0: 2-RUN HOME RUN (Flyball, 7LD), Distance : 361 ft
Pitching: RHP Ken Lyons
Batting: LHB Roy Patrick 0-0: Ball
1-0: Called Strike
1-1: Ball
2-1: Foul Ball, location: 2F
2-2: Ground out 4-3 (Groundball, 4)
Batting: RHB Andrés Lara 0-0: Ball
1-0: Ball
2-0: Called Strike
2-1: Reached on error, E5 (Groundball, 5L)
Batting: LHB Barrett Waters 0-0: Ball
1-0: Fly out, F7 (Flyball, 7S)
Top of the 8th over - 2 run(s), 1 hit(s), 1 error(s), 1 left on base; Plymouth 4 - Birmingham 0
BOTTOM OF THE 8TH
Birmingham Steeldogs batting - Pitching for Plymouth Rocks : LHP Dave Smeddon
Batting: LHB José Martínez 0-0: Called Strike
0-1: Foul Ball, location: 2F
0-2: Ball
1-2: Foul Ball, location: 2F
1-2: Foul Ball, location: 2F
1-2: Strikes out swinging
Batting: RHB Yujiro Kurihara 0-0: Called Strike
0-1: Ball
1-1: DOUBLE (Line Drive, 7LM)
Batting: RHB Carlos García 0-0: Ball
1-0: Fly out, F9 (Flyball, 9S)
Batting: RHB José Carlos Caraballo 0-0: Called Strike
0-1: Ball
1-1: Swinging Strike
1-2: Strikes out swinging
Bottom of the 8th over - 0 run(s), 1 hit(s), 0 error(s), 1 left on base; Plymouth 4 - Birmingham 0
TOP OF THE 9TH
Plymouth Rocks batting - Pitching for Birmingham Steeldogs : RHP Ken Lyons
Pitching: RHP Jeffrey Stephens
Batting: LHB Roger Moore 0-0: Swinging Strike
0-1: Ball
1-1: Called Strike
1-2: Ball
2-2: Ball
3-2: Strikes out swinging
Batting: RHB Luis Sánchez 0-0: Ball
1-0: Swinging Strike
1-1: Foul Ball, location: 2F
1-2: Ball
2-2: Ball
3-2: Foul Ball, location: 2F
3-2: SINGLE (Flyball, 8RS)
Batting: RHB Taylor McFarland Pickoff Throw to First - Error! E1
Luis Sánchez to second
0-0: Ball
1-0: Foul Ball, location: 2F
1-1: Foul Ball, location: 2F
1-2: Ball
2-2: Foul Ball, location: 2F
2-2: Foul Ball, location: 2F
2-2: SINGLE (Line Drive, 9S)
Luis Sánchez to third
Batting: SHB Víctor Serrano 0-0: Called Strike
0-1: Ball
1-1: SINGLE (Line Drive, 8RS)
Luis Sánchez scores
Taylor McFarland to second
Batting: RHB António Gonzáles 0-0: Ball
1-0: Ball
2-0: Ball
3-0: Base on Balls
Taylor McFarland to third
Víctor Serrano to second
Batting: LHB Roberto García 0-0: GRAND SLAM HOME RUN (Flyball, 78XD), Distance : 387 ft
Pitching: RHP Michel Dallaire
Batting: LHB Roy Patrick 0-0: Fly out, F8 (Flyball, 78D)
Batting: RHB Andrés Lara 0-0: Ball
1-0: Ground out 6-3 (Groundball, 6M)
Top of the 9th over - 5 run(s), 4 hit(s), 1 error(s), 0 left on base; Plymouth 9 - Birmingham 0
BOTTOM OF THE 9TH
Birmingham Steeldogs batting - Pitching for Plymouth Rocks : LHP Dave Smeddon
Batting: RHB Nick Webb 0-0: Called Strike
0-1: Foul Ball, location: 2F
0-2: SINGLE (Line Drive, 34)
Batting: LHB Ashley Pickhills 0-0: Ball
1-0: Ball
2-0: Called Strike
2-1: Foul Ball, location: 2F
2-2: Ground out 6-3 (Groundball, 6MS)
Nick Webb to second
Batting: RHB Valentín Borges 0-0: Called Strike
0-1: Called Strike
0-2: Ball
1-2: Strikes out swinging
Batting: LHB José Hernández 0-0: Called Strike
0-1: Ball
1-1: Ball
2-1: Called Strike
2-2: Fly out, F9 (Line Drive, 9)
Bottom of the 9th over - 0 run(s), 1 hit(s), 0 error(s), 1 left on base; Plymouth 9 - Birmingham 0
Thursday, March 30th, 2017 - OOTP Baseball 17.12 Build 75